 Dungeon Crawl Stone Soup version 0.28.0 (webtiles) character file.

Game seed: 2353610108188117279

184 GrayStillPlays the Sneak (level 5, -6/28 HPs)
             Began as a Vine Stalker Brigand on Feb 6, 2022.
             Succumbed to a kobold brigand's curare-tipped dart
             ... in a sewer.
             The game lasted 00:06:49 (1687 turns).

GrayStillPlays the Sneak (Vine Stalker Brigand)     Turns: 1687, Time: 00:06:50

Health: -6/28      AC:  4    Str: 15    XL:     5   Next: 63%
Magic:  1/9        EV: 12    Int: 11    God:
Gold:   45         SH:  0    Dex: 16    Spells: 8/8 levels left

rFire   . . .      SeeInvis .   a - +2 dagger {short}
rCold   . . .      Faith    .   (no shield)
rNeg    . . .      Spirit   +   b - +0 robe
rPois   .          Reflect  .   f - +0 helmet
rElec   .          Harm     .   i - +0 cloak
rCorr   .          Rampage  .   (no gloves)
Will    .....                   (no boots)
Stlth   ++........              (no amulet)
HPRegen 0.89/turn               (no ring)
MPRegen 0.11/turn               (no ring)

@: brilliant, lethally poisoned (-6 -> -24), slowed, very slow
A: fangs 2, regeneration 1, magic shield, antimagic bite, no potion heal 2
a: no special abilities


You were in a sewer.
You visited 1 branch of the dungeon, and saw 3 of its levels.
You also visited: Sewer.

You collected 45 gold pieces.


Innate Abilities, Weirdness & Mutations

You have extremely sharp teeth.
Your natural rate of healing is unusually fast.
When hurt, damage is shared between your health and your magic reserves.
Your bite disrupts and absorbs the magic of your enemies.
Potions cannot restore your health.


   Skills:
 + Level 3.0 Fighting
 + Level 3.0 Short Blades
 - Level 1.7 Throwing
 + Level 2.2 Dodging
 - Level 4.8 Stealth
 * Level 2.0 Spellcasting


You had 8 spell levels left.
You didn't know any spells.
Your spell library contained the following spells:

 Spells                   Type           Power      Damage    Failure   Level
 Ensorcelled Hibernation  Hex/Ice        2%         N/A       41%         2
 Passwall                 Tmut/Erth      0%         N/A       41%         2
 Swiftness                Air            1%         N/A       65%         3

Inventory:

Hand Weapons
 a - a +2 dagger (weapon) {short}
Missiles
 d - 14 poisoned darts (quivered) {throwing}
 e - 2 curare-tipped darts {=fthrowing}
 g - 24 stones {throwing}
 k - 3 silver javelins {throwing}
Armour
 b - a +0 robe (worn)
 c - a +0 cloak
 f - a +0 helmet (worn)
   (You found it on level 1 of the Dungeon)
 i - a +0 cloak (worn)
   (You found it on level 1 of the Dungeon)
Wands
 j - a wand of flame (16)
   (You found it on level 2 of the Dungeon)
Scrolls
 h - 2 scrolls of identify {unknown}
 l - a scroll of holy word {unknown}
 m - a scroll of blinking {unknown}
 n - a scroll of magic mapping {unknown}

Dungeon Overview and Level Annotations

Branches:
Dungeon (3/15)              Sewer (1/1)

Altars:

.≈ ... #≈# #K# ≈# ##≈#
#≈# ≈# ≈≈# #≈# #≈# #≈#
#≈# ##≈## ##≈## ##§##
#.≈≈## ##.≈≈## ##.K≈##
≈....#####≈....####...≈.#
≈≈∩.≈≈≈≈≈≈≈....≈@≈§†..≈.#
.∩...#####..≈.≈####.....#
#.≈.## ##...## ##...##
##≈## ##≈## ##.## #≈# #≈#
#.# #≈# #≈# #.# ##≈##
##≈## .# #.≈.## ##...##
....≈#####...≈.#


You could see a kobold brigand.


Message History

Aim: a worm (moderately wounded, wandering, hasn't noticed you, 89% to hit)
You feel a bit more experienced.
Your Spellcasting skill increases to level 2! 😕 HP[+1] 😕 HP[+1] 😕 HP[+1] 😕 HP[+1] 😕 HP[+1] 😕 HP[+1] MP[+1] 😎 HP[+1]
Your hp is fully restored (28).
You enter the shallow water.
Moving in this stuff is going to be slow.
You see here a worm corpse.
You see here a ball python corpse.
An endoplasm comes into view.
The endoplasm quivers. 😎 MP[+2]
Your mp is fully restored (9).
You enter the shallow water.
Moving in this stuff is going to be slow.
A ball python comes into view.
A kobold brigand comes into view.
It is wielding a +0 short sword and quivering curare-tipped darts.
The endoplasm freezes you.
You are frozen.
The kobold brigand moves out of view. 😕 HP[-3] MP[-1]
You take 3 damage, and now have 25/28 hp.
You lost 1 mp, and now have 8/9 mp.
You hit the endoplasm but do no damage. You bite the endoplasm.
You drain its power.
You feel invigorated. The endoplasm freezes you.
You are frozen. 😕 MP[+1]
Your mp is fully restored (9).
You hit the endoplasm.
You kill the endoplasm!
The ball python hisses angrily.
The kobold brigand throws a curare-tipped dart.
The curare-tipped dart hits you.
You are poisoned.
You have difficulty breathing.
You feel yourself slow down. 😮 HP[-5] MP[-2]
You take 5 damage, and now have 20/28 hp.
You lost 2 mp, and now have 7/9 mp.
Aiming: Throw Flame
Press: ? - help, Q - select action, (/) - cycle Shift-Dir - straight line, f - ball python
Aim: a ball python (64% to hit)
You feel extremely sick. 😨 HP[-6]
You take 6 damage, and now have 14/28 hp.
MASSIVE DAMAGE!! (PAUSE)
You feel very sick. 😨 HP[-4]
You take 4 damage, and now have 10/28 hp.
You feel very sick. 😨 HP[-2]
You take 2 damage, and now have 8/28 hp.
You feel sick.
You feel sick. 😨 MP[+1]
You enter the shallow water.
Moving in this stuff is going to be slow.
You feel sick.
You are no longer poisoned.
You see here a worm corpse. 😨 HP[+2]
You regained 2 hp, and now have 10/28 hp.
Aiming: Throw Flame
Press: ? - help, Q - select action, (/) - cycle Shift-Dir - straight line, f - kobold brigand
Aim: a kobold brigand, wielding a +0 short sword and quivering curare-tipped darts (lightly wounded, 60% to hit)
The puff of flame hits the kobold brigand.
The kobold brigand is engulfed in a cloud of scalding steam.
The kobold brigand throws a curare-tipped dart.
The curare-tipped dart hits you.
You are poisoned.
You have difficulty breathing.
* * * LOW HITPOINT WARNING * * *
You feel as though you will be slow longer.
The kobold brigand is engulfed in a cloud of scalding steam.
The kobold brigand throws a curare-tipped dart.
The curare-tipped dart misses you. 😱 HP[-3] MP[-3]
You take 3 damage, and now have 7/28 hp.
You lost 3 mp, and now have 5/9 mp.
* * * LOW HITPOINT WARNING * * *
You feel very sick.
The kobold brigand throws a curare-tipped dart.
The curare-tipped dart hits you.
You are lethally poisoned!
You have difficulty breathing.
* * * LOW HITPOINT WARNING * * *
You feel as though you will be slow longer. 😱 HP[-6] MP[-4]
You take 6 damage, and now have 1/28 hp.
MASSIVE DAMAGE!! (PAUSE)
You lost 4 mp, and now have 1/9 mp.
It was a potion of brilliance.
You feel clever all of a sudden.
You die...

Skill      XL: |  1  2  3  4  5 |
---------------+----------------+-----
Dodging        | 1 2 |  2.2
Fighting       | 2 3 |  3.0
Short Blades   | 2 3 |  3.0
Spellcasting   | 1 2 |  2.0
Throwing       | |  1.7
Stealth        | |  4.8

Action                   |  1- 3 |  4- 6 || total
-------------------------+-------+-------++-------
Melee: Dagger            |   123 |    29 ||   152
       Bite              |    30 |     5 ||    35
       Punch             |     1 |       ||     1
Evoke: Wand              |       |    10 ||    10
  Use: Potion            |       |     1 ||     1
 Stab: Sleeping          |     6 |     3 ||     9
Armor: Robe              |    26 |     5 ||    31
Dodge: Dodged            |    63 |    13 ||    76

Levels and vault maps discovered:
D:1:      dpeg_arrival_caged_fury, layout_loops_corners, minmay_surrounded
D:2:      layout_basic, chequers_ecumenical_altar_simple_redux,
          kennysheep_cross_room
D:3:      layout_loops_ring, portal_sewer_entry_f
Sewer:    sewer_co_15_rooms

Notes
Turn   | Place    | Note
-------+----------+-------------------------------------------
     0 | D:1      | GrayStillPlays the Vine Stalker Brigand began the quest for
                  | the Orb.
     0 | D:1      | Reached XP level 1. HP: 11/11 MP: 2/2
     0 | D:1      | magus.rc [v1.9.6]
     1 | D:1      | Found a runed translucent door.
    42 | D:1      | You pick up a book of Burglary and begin reading...
    42 | D:1      | You add the spells Passwall, Ensorcelled Hibernation and
                  | Swiftness to your library.
   168 | D:1      | Reached skill level 1 in Dodging
   192 | D:1      | Reached skill level 2 in Fighting
   194 | D:1      | Reached skill level 2 in Short Blades
   194 | D:1      | Reached XP level 2. HP: 11/15 MP: 3/3
   781 | D:1      | Reached XP level 3. HP: 18/18 MP: 4/4
  1368 | D:3      | Found a glowing drain.
  1400 | D:3      | Gained mutation: Your natural rate of healing is unusually
                  | fast. [Vine Stalker growth]
  1400 | D:3      | Reached XP level 4. HP: 22/23 MP: 5/5
  1414 | Sewer    | Entered a sewer
  1455 | Sewer    | Noticed a kobold brigand
  1478 | Sewer    | Killed a kobold brigand
  1479 | Sewer    | Reached skill level 2 in Dodging
  1479 | Sewer    | Reached skill level 1 in Spellcasting
  1479 | Sewer    | Reached XP level 5. HP: 10/28 MP: 2/8
  1595 | Sewer    | Reached skill level 3 in Fighting
  1597 | Sewer    | Reached skill level 3 in Short Blades
  1643 | Sewer    | Reached skill level 2 in Spellcasting
  1675 | Sewer    | Noticed a kobold brigand
  1685 | Sewer    | HP: 7/28 [asphyx]
  1686 | Sewer    | HP: 1/28 [asphyx]
  1687 | Sewer    | Succumbed to a kobold brigand's curare-tipped dart

Vanquished Creatures
  A kobold brigand (Sewer)
  3 adders (Sewer)
  2 river rats (Sewer)
  An adder skeleton (D:2)
  A worm (Sewer)
  6 ball pythons
  7 endoplasms
  4 giant cockroaches
  2 goblins (D:1)
  2 hobgoblins (D:1)
  7 jackals (D:1)
  9 quokkas
  2 bats (D:1)
  A frilled lizard (D:1)
  7 kobolds
  9 rats (D:1)
64 creatures vanquished.

Table legend:
 A = Non-vault XP
 B = Vault XP
 C = Vault XP percentage of total XP
 D = Non-vault monster count
 E = Vault monster count
 F = Vault count percentage of total count
                 A         B        C        D         E       F
            +---------+---------+-------+---------+---------+-------
      Total |      45 |     218 |  82.9 |      27 |      37 |  57.8
            +---------+---------+-------+---------+---------+-------
        D:1 |      32 |      29 |  47.5 |      21 |      17 |  44.7
        D:2 |       9 |       0 |   0.0 |       4 |       0 |   0.0
        D:3 |       4 |      12 |  75.0 |       2 |       6 |  75.0
      Sewer |       0 |     177 | 100.0 |       0 |      14 | 100.0
            +---------+---------+-------+---------+---------+-------

Illustrated notes

Table legend:
 A = Kills in this place as a percentage of kills in entire the game.
 B = Kills by you in this place as a percentage of kills by you in the entire game.
 C = Kills by friends in this place as a percentage of kills by friends in the entire game.
 D = Other kills in this place as a percentage of other kills in the entire game.
 E = Experience gained in this place as a percentage of experience gained in the entire game.
 F = Experience gained in this place divided by the number of levels of this place that you have seen.
                   A       B       C       D       E      F
               +-------+-------+-------+-------+-------+----------------------
         Total | 100.0 | 100.0 |   N/A |   N/A | 100.0 |  65.8
       Dungeon |  78.1 |  78.1 |   N/A |   N/A |  32.7 |  28.7
         Sewer |  21.9 |  21.9 |   N/A |   N/A |  67.3 | 177.0
               +-------+-------+-------+-------+-------+----------------------

Table legend: (Time is in decaauts)
 A = Elapsed time spent in this place.
 B = Non-inter-level travel time spent in this place.
 C = Inter-level travel time spent in this place.
 D = Time resting spent in this place.
 E = Time spent auto-exploring this place.
 F = Levels seen in this place.
 G = Mean time per level.
                   A        B        C        D        E       F      G
               +--------+--------+--------+--------+--------+-----+--------+
         Total |   1724 |   1681 |     43 |     90 |   1059 |   4 |  431.0 |
       Dungeon |   1400 |   1357 |     43 |     29 |    968 |   3 |  466.7 |
         Sewer |    324 |    324 |      0 |     61 |     91 |   1 |  324.0 |
               +--------+--------+--------+--------+--------+-----+--------+

Top non-repeatable levels by time:
     D:1: 1120 daAuts
   Sewer: 324 daAuts
     D:2: 217 daAuts
     D:3: 62 daAuts
